 Dungeon Crawl Stone Soup version 0.29.1-15-g9cfb28693d (webtiles) character file.

Game seed: 3602399147036780077

589 H0rd4k the Insei (level 7, -3/69 HPs)
             Began as an Octopode Artificer on Mar 22, 2023.
             Killed by an exploding gnoll (6 damage)
             ... ignited by their inner flame
             ... on level 4 of the Dungeon.
             The game lasted 00:04:02 (5038 turns).

H0rd4k the Insei (Octopode Artificer)               Turns: 5038, Time: 00:04:02

Health: -3/69      AC: 23    Str: 14    XL:     7   Next: 38%
Magic:  11/11      EV:  2    Int: 21    God:
Gold:   192        SH:  0    Dex: 12    Spells: 10/12 levels left

rFire   + + .      SeeInvis .   u - +3 battleaxe "Mujov" {vorpal, rF++ Int+5}
rCold   . . .      Faith    .   (shield currently unavailable)
rNeg    . . .      Spirit   .   (helmet currently unavailable)
rPois   +          Reflect  .   (no amulet)
rElec   .          Harm     .   p - ring of Incredulity {Wiz rPois Str+3}
rCorr   +          Rampage  .   m - ring of resist corrosion
Will    .....      NoTele   +   (no ring)
Stlth   ++........              (no ring)
HPRegen 0.21/turn               (no ring)
MPRegen 0.12/turn               (no ring)
                                (no ring)
                                (no ring)

@: tree-form
A: stationary, stasis, torment immunity, boosted hp, almost no armour,
(amphibious), 8 rings, (camouflage 1), (gelatinous body 1), (nimble swimmer 1),
(tentacles)
a: no special abilities


You were on level 4 of the Dungeon.
You were a tree.
You visited 1 branch of the dungeon, and saw 4 of its levels.

You collected 192 gold pieces.

Inventory:

Hand Weapons
 u - the +3 battleaxe "Mujov" (weapon) {vorpal, rF++ Int+5}
   (You found it on level 4 of the Dungeon)

   It inflicts extra damage upon your enemies.
   Int:       It affects your intelligence (+5).
   rF:        It greatly protects you from fire.
Missiles
 h - 8 poisoned darts
 i - 2 curare-tipped darts
Jewellery
 m - a ring of resist corrosion (right branch)
 p - the ring of Incredulity (left branch) {Wiz rPois Str+3}
   (You found it on level 3 of the Dungeon)

   [ring of wizardry]

   It improves your spell success rate.
   Str:       It affects your strength (+3).
   rPois:     It protects you from poison.
 x - a +4 ring of evasion
Wands
 b - a wand of flame (9) (quivered)
 c - a wand of charming (10)
 d - a wand of iceblast (5)
Scrolls
 e - 11 scrolls of identify {unknown}
 f - a scroll of enchant weapon {unknown}
 g - a scroll of immolation
 k - 2 scrolls of amnesia {unknown}
 n - a scroll of noise {unknown}
 o - a scroll of poison {unknown}
 r - a scroll of teleportation {unknown}
 s - a scroll of brand weapon {unknown}
Potions
 j - a potion of berserk rage {unknown}
 q - a potion of heal wounds {unknown}
 t - a potion of cancellation {unknown}
 v - a potion of brilliance {unknown}
 w - a potion of haste {unknown}


   Skills:
 + Level 3.0 Fighting
 + Level 3.1 Axes
 - Level 2.3 Dodging
 - Level 1.3 Stealth
 + Level 3.5 Unarmed Combat
 * Level 3.2 Spellcasting
 * Level 3.3 Poison Magic
 - Level 3.2 Evocations


You had 10 spell levels left.
You knew the following spells:

 Your Spells              Type           Power      Damage    Failure   Level
a - Poisonous Vapours     Pois/Air       20%        N/A       4%          2

Your spell library contained the following spells:

 Spells                   Type           Power      Damage    Failure   Level
 Slow                     Hex            12%        N/A       5%          1
 Confusing Touch          Hex            3%         N/A       16%         3
 Portal Projectile        Hex/Tloc       6%         N/A       16%         3
 Tukima's Dance           Hex            3%         N/A       16%         3
 Vampiric Draining        Necr           3%         2d6       16%         3
 Corpse Rot               Necr/Pois/Air  8%         N/A       32%         4
 Blade Hands              Tmut           1%         N/A       78%         5


Dungeon Overview and Level Annotations

Branches:
Dungeon (4/15)
 Temple: D:4-7

Altars:

Shops:
D:3 :

Portals:
Abyss: D:3

Annotations:
D:3 2 transporters, exclusion: downstairs, vvl's ghost, amateur DsVM


Innate Abilities, Weirdness & Mutations

You are a tree.
Your roots penetrate the ground, keeping you stationary.
You cannot be teleported.
You are immune to unholy pain and torment.
Your maximum health is greatly increased.
You cannot wear most types of armour.
((You are amphibious.))
You can wear up to eight rings at the same time.
((Your skin changes colour to match your surroundings (Stealth+).))
((Your rubbery body absorbs attacks. (AC +1, EV +1)))
((You are camouflaged when in or above water. (Stealth+)))
((You have tentacles for arms and can constrict up to eight enemies at once.))


Message History

It was a potion of curing.
You feel better. The gnoll barely misses you.
The gnoll hits you from afar with a +0 spear.
* * * LOW HITPOINT WARNING * * *
Okay, then.
As you read the scroll labelled MEIHOIVVITENN, it crumbles to dust.
The creatures around you are filled with an inner flame!
It was a scroll of immolation.
The gnoll hits you with a +0 flail.
* * * LOW HITPOINT WARNING * * *
The gnoll barely misses you.
You feel better. The gnoll hits you with a +0 flail.
* * * LOW HITPOINT WARNING * * *
The gnoll closely misses you.
Aiming: Charm
Press: ? - help, Shift-Dir - straight line, f/p - gnoll
Aim: a gnoll, wielding a +0 flail (inner flame, covering ground quickly, chance to affect: 66%)
The gnoll struggles to resist.
The gnoll hits you but does no damage. The gnoll misses you.
Unknown command.
Aiming: Charm
Press: ? - help, Shift-Dir - straight line, f/p - gnoll
Aim: a gnoll, wielding a +0 flail (inner flame, covering ground quickly, chance to affect: 66%)
The gnoll struggles to resist.
The gnoll is no longer moving quickly.
The gnoll hits you with a +0 flail.
* * * LOW HITPOINT WARNING * * *
The gnoll closely misses you.
Aiming: Charm
Press: ? - help, Shift-Dir - straight line, f/p - gnoll
Aim: a gnoll, wielding a +0 flail (inner flame, covering ground quickly, chance to affect: 66%)
The gnoll is charmed.
The gnoll completely misses your gnoll.
The gnoll hits you from afar with a +0 spear.
* * * LOW HITPOINT WARNING * * *
The gnoll hits your gnoll with a +0 club.
Flame seeps out of your gnoll.
Okay, then.
It was a potion of lignification.
You turn into a tree.
Your roots penetrate the ground.
Your gnoll is engulfed in blazing flames.
Your gnoll explodes!
The fiery explosion engulfs you. You resist.
You die...

#...#.... #........
###...##... ##.#........
##...........
####...........#
#.##.......<....
###g..............
#♣○g..............
###g....).........
#########..............
##...#.##.##...!........
#..........#....#.......
##..............##.......
#....).........###.##....
#.....#............#.....
###....#.........#.....##.


You could see 3 gnolls.

Vanquished Creatures
  An ogre (D:4)
  A necrophage (D:4)
  A scorpion (D:4)
  2 hounds (D:4)
  A gnoll bouda (D:4)
  4 iguanas
  Jessica (D:3)
  An orc wizard (D:3)
  2 gnolls (D:4)
  4 adders
  A dart slug (D:1)
  2 worms
  5 orcs
  6 endoplasms
  3 giant cockroaches
  4 goblins
  11 hobgoblins
  7 jackals
  3 kobolds
  A quokka (D:4)
  6 ball pythons
  6 bats
  6 frilled lizards
  7 rats
86 creatures vanquished.

Vanquished Creatures (collateral kills)
  A ball python (D:3)
1 creature vanquished.

Vanquished Creatures (others)
  12 plants (D:4)
12 creatures vanquished.

Grand Total: 99 creatures vanquished

Notes
Turn   | Place    | Note
-------+----------+-------------------------------------------
     0 | D:1      | H0rd4k the Octopode Artificer began the quest for the Orb.
     0 | D:1      | Reached XP level 1. HP: 13/13 MP: 1/1
   347 | D:1      | Reached XP level 2. HP: 13/18 MP: 3/3
   426 | D:1      | Reached skill level 1 in Spellcasting
   563 | D:1      | Found a faded altar of an unknown god.
  1392 | D:2      | Reached XP level 3. HP: 23/24 MP: 5/5
  1742 | D:2      | Identified the +2 leather armour "Tunoud" {rElec rF- SInv
                  | Stlth+}
  1788 | D:2      | Reached skill level 1 in Unarmed Combat
  2042 | D:2      | Learned a level 2 spell: Poisonous Vapours
  2063 | D:3      | Noticed Jessica
  2065 | D:3      | Killed Jessica
  2066 | D:3      | Reached skill level 1 in Poison Magic
  2066 | D:3      | Reached XP level 4. HP: 29/29 MP: 5/7
  2110 | D:3      | Noticed an ogre
  2148 | D:3      | Identified the ring of Incredulity {Wiz rPois Str+3}
  2190 | D:3      | Found a transporter.
  2195 | D:3      | Noticed a toenail golem
  2197 | D:3      | Found a transporter.
  2231 | D:3      | Found Fice's Book Emporium.
  2396 | D:3      | Found a one-way gate to the infinite horrors of the Abyss.
  2396 | D:3      | Noticed vvl's ghost (amateur DsVM)
  3207 | D:3      | Reached XP level 5. HP: 20/34 MP: 8/8
  3659 | D:4      | Identified the +3 battleaxe "Mujov" {vorpal, rF++ Int+5}
  3809 | D:4      | Reached XP level 6. HP: 2/41 MP: 9/9
  4384 | D:4      | Reached skill level 1 in Axes
  4759 | D:4      | Reached XP level 7. HP: 22/45 MP: 11/11
  5037 | D:4      | HP: 2/46 [gnoll/+0 spear[a gnoll bouda] (3)]
  5038 | D:4      | Killed by an exploding gnoll... ignited by their inner
                  | flame

Illustrated notes

Levels and vault maps discovered:
D:1:      onia_arrival_pyramid, layout_loops_ring,
          hellmonk_ecumenical_altar_inner_sanctum, grunt_decor_junction,
          minmay_misc_feat_secret_circle
D:2:      layout_loops_cross
D:3:      layout_basic, gammafunk_ghost_abyssal_escape, serial_shops,
          nicolae_lakefront_shop, nicolae_elevator_lobby_plus, uniq_jessica
D:4:      minmay_opposing_rooms, layout_cave_pools, serial_bayou_pond_b

Skill      XL: |  1  2  3  4  5  6  7 |
---------------+----------------------+-----
Spellcasting   | 1 2 3 |  3.2
Fighting       | 2 3 |  3.0
Unarmed Combat | 1 2 3 |  3.5
Poison Magic   | 1 2 3 |  3.3
Axes           | 2 3 |  3.1
Dodging        | |  2.3
Stealth        | |  1.3
Evocations     | |  3.2

Action                   |  1- 3 |  4- 6 |  7- 9 || total
-------------------------+-------+-------+-------++-------
Melee: Unarmed           |    74 |    43 |       ||   117
       Constrict         |    31 |    20 |     4 ||    55
       Tentacles         |    24 |    17 |     1 ||    42
       Punch             |     3 |     5 |       ||     8
       Battleaxe         |       |    53 |    14 ||    67
Evoke: Wand              |     1 |     6 |     4 ||    11
  Use: Potion            |       |       |     3 ||     3
       Scroll            |       |       |     1 ||     1
 Stab: Sleeping          |     7 |    10 |     3 ||    20
Armor: Skin              |    10 |     7 |     1 ||    18
Dodge: Dodged            |    50 |    70 |    15 ||   135
